 Dungeon Crawl Stone Soup version 0.20.0-10-g0535bb4 (webtiles) character file.

31322 Soyweiser the Geomancer (level 13, 0/79 HPs)
             Began as a Gargoyle Earth Elementalist on June 6, 2017.
             Was a Priest of Sif Muna.
             Slain by an eight-headed hydra (5 damage)
             ... on level 4 of the Lair of Beasts on June 7, 2017.
             The game lasted 02:34:35 (24446 turns).

Soyweiser the Geomancer (GrEE)                     Turns: 24446, Time: 02:34:36

Health: 0/79       AC: 22    Str: 12    XL:     13   Next: 57%
Magic:  2/25       EV: 11    Int: 21    God:    Sif Muna [***...]
Gold:   1121       SH:  3    Dex: 10    Spells: 10/28 levels left

rFire    + + .     SeeInvis .   o - +1 rapier
rCold    . . .     Gourm    .   (no shield)
rNeg     + . .     Faith    .   X - +3 leather armour {rF+}
rPois    ∞         Spirit   .   E - +0 helmet
rElec    +         Reflect  +   B - scarf {cloud immunity}
rCorr    .         Harm     .   (no gloves)
MR       .....                  w - +0 pair of boots
Stlth    ++++......             t - +3 amulet of reflection
Regen    0.3/turn               i - ring of protection from fire
MPRegen  0.2/turn               j - +3 ring of protection

@: no status effects
A: negative energy resistance 1, electricity resistance, unbreathing,
petrification resistance, rot immunity, AC +9
a: Divine Energy, Channel Magic, Renounce Religion


You were on level 4 of the Lair of Beasts.
You worshipped Sif Muna.
Sif Muna was most pleased with you.
You were not hungry.

You visited 4 branches of the dungeon, and saw 18 of its levels.
You also visited: Volcano.

You collected 1121 gold pieces.

Inventory:

Hand Weapons
 e - a +3 vampiric dagger
 k - a +0 quarterstaff of freezing
 o - a +1 rapier (weapon)
 N - a +1 dagger of draining
 O - a +1 dagger of holy wrath
 S - a +2 whip of flaming
 T - a +1 trident of venom
 W - a +0 blowgun
Missiles
 b - 170 stones
 p - a throwing net
 s - 9 needles of sleeping
 v - 3 needles of confusion
 K - 3 javelins of returning (quivered)
 Y - 8 curare-tipped needles
Armour
 c - a +1 hat
 w - a +0 pair of boots (worn)
 B - a scarf of cloud immunity (worn)
 E - a +0 helmet (worn)
 X - a +3 leather armour of fire resistance (worn)
Jewellery
 f - an uncursed ring of ice
 i - a ring of protection from fire (left hand)
 j - a +3 ring of protection (right hand)
 l - an uncursed ring of positive energy
 t - a +3 amulet of reflection (around neck)
 u - an uncursed amulet of the gourmand {unknown}
 D - an uncursed ring of magical power
Wands
 I - a wand of lightning (6/15)
 P - a wand of iceblast (6/15)
 Z - a wand of paralysis (16/24)
Scrolls
 d - a scroll of magic mapping
 m - a scroll of recharging
 F - 2 scrolls of fear
 G - a scroll of enchant weapon
 U - a scroll of teleportation
 V - a scroll of acquirement {unknown}
Potions
 a - 3 potions of curing
 g - 3 potions of resistance
 h - 3 potions of brilliance
 n - 3 potions of cancellation
 q - a potion of ambrosia
 r - a potion of might {unknown}
 x - a potion of mutation
 z - 2 potions of agility
 Q - 2 potions of flight
 R - 3 potions of lignification
Comestibles
 M - 7 meat rations


   Skills:
 + Level 8.6 Fighting
 + Level 6.7 Short Blades
 + Level 9.1 Armour
 - Level 1.5 Dodging
 + Level 10.4 Stealth
 + Level 8.1 Spellcasting
 + Level 7.1 Conjurations
 - Level 4.4 Transmutations
 + Level 4.6 Fire Magic
 - Level 10.4 Earth Magic
 + Level 6.5 Invocations


You had 10 spell levels left.
You knew the following spells:

 Your Spells              Type           Power        Failure   Level  Hunger
a - Sandblast             Erth           ######       1%          1    None
b - Passwall              Tmut/Erth      #####.....   1%          2    None
c - Stone Arrow           Conj/Erth      #####.       1%          3    None
d - Petrify               Tmut/Erth      #####...     4%          4    ###....
e - Lee's Rapid Deconstr  Erth           ######....   3%          5    #####..
f - Conjure Flame         Conj/Fire      ####....     2%          3    None


Dungeon Overview and Level Annotations

Branches:
Dungeon (11/15)            Temple (1/1) D:5            Lair (5/6) D:10
 Shoals (0/4) Lair:3       Spider (0/4) Lair:2          Orc (1/2) D:9
  Slime: Lair:5-6

Altars:
Ashenzari
Cheibriados
Dithmenos
Elyvilon
Fedhas
Gozag
Hepliaklqana
Kikubaaqudgha
Makhleb
Nemelex Xobeh
Okawaru
Qazlal
Ru
Sif Muna
Trog
Uskayaw
Vehumet
Xom
Yredelemnul
Zin
The Shining One

Annotations:
D:9 exclusion: two-headed ogre, Erolcha
Lair:4 exclusion: oklob plant


Innate Abilities, Weirdness & Mutations

You are resistant to torment.
Your stone body is resilient. (AC +9)
You are immune to poison.
You resist negative energy. (rN+)
You are resistant to electric shocks. (rElec)
You can survive without breathing.
You are immune to petrification.
You are immune to rotting.


Message History

The eight-headed hydra barely misses you.
The eight-headed hydra bites you!
The eight-headed hydra bites you but does no damage. x5
Casting: Stone Arrow
Confirm with . or Enter, or press ? or * to list all spells.
Aiming: Stone Arrow
Press: ? - help, Shift-Dir - straight line, f/p - eight-headed hydra
Aim: an eight-headed hydra (almost dead)
The stone arrow hits the eight-headed hydra.
The eight-headed hydra is almost dead.
The eight-headed hydra bites you!
* * * LOW HITPOINT WARNING * * *
The eight-headed hydra bites you.
* * * LOW HITPOINT WARNING * * *
The eight-headed hydra bites you but does no damage.
The eight-headed hydra bites you!
* * * LOW HITPOINT WARNING * * *
The eight-headed hydra closely misses you. x2
The eight-headed hydra misses you. The eight-headed hydra bites you.
You die...

.########......###.#P#..#P######.
..##.####...#.## #........#...PP.
......##....### ##..............
..........### #...............
........#P## ###.##..........
.......####.# ####...#####.....P
.........##..###.#..#.## ##....#
.......####............## #..###
.......# #....D@.......## #### #
.......# #...........#..### #
.......# ##..............#.##
.......# #................#.####
......## ##..............#.#.#.#
......# #...........##.......##
..>..## #.........##...P......#
...#..# #.##.#..####.........##
.##.### #.#.########..........#


You could see an eight-headed hydra.

Vanquished Creatures
  3 hydras (Lair:3)
  The ghost of DogShitOnMyToe the Carver, a journeyman BaAr of Trog (D:10)
  Fannar (D:10)
  7 two-headed ogres
  2 death yaks (Lair:4)
  An ogre mage (Volcano)
  A hell knight (Volcano)
  Pikel (D:4)
  3 oklob plants
  A merfolk siren (Lair:3)
  5 spiny frogs
  5 komodo dragons
  A troll (D:9)
  A queen bee (Lair:1)
  3 jumping spiders (Lair:2)
  The ghost of ThereIsNoGod the Cudgeler, an amateur GrBe of Trog (D:4)
  7 hippogriffs
  4 redbacks (Lair:2)
  Eustachio (D:4)
  3 fire bats (Lair:1)
  13 yaks
  4 basilisks
  A hungry ghost (D:9)
  A two-headed ogre zombie (D:9)
  8 water moccasins
  A sky beast (D:9)
  11 porcupines
  3 black bears
  A slave (D:5)
  2 ice beasts
  An eye of draining (D:9)
  6 orc warriors
  2 phantoms
  3 ogres
  6 wolves (Lair:2)
  7 centaurs
  13 crocodiles
  2 big kobolds
  15 bullfrogs
  5 scorpions
  25 killer bees (Lair:1)
  2 troll zombies (D:9)
  A wight (D:8)
  5 howler monkeys
  An electric eel (Lair:3)
  A centaur zombie (D:7)
  4 crimson imps
  A bullfrog zombie (D:11)
  10 hounds
  10 orc priests
  A centaur skeleton (D:4)
  2 jellies
  9 orc wizards
  2 gnoll shamans (D:4)
  3 iguanas
  A worker ant (D:3)
  A killer bee zombie (D:7)
  5 ogre zombies (D:9)
  A hound zombie (D:5)
  2 hound skeletons
  Robin (D:4)
  A howler monkey skeleton (D:10)
  8 gnolls (D:4)
  14 adders
  2 oozes (D:3)
  2 adder skeletons
  9 worms
  10 leopard geckos
  26 orcs
  8 bats
  6 giant cockroaches
  16 goblins
  14 hobgoblins
  3 quokkas
  8 frilled lizards
  A goblin skeleton (D:9)
  4 goblin zombies (D:9)
  3 hobgoblin skeletons (D:9)
  4 hobgoblin zombies (D:9)
  A jackal zombie (D:7)
  19 kobolds
  A leopard gecko skeleton (D:7)
  A leopard gecko zombie (D:6)
  4 orc skeletons (D:9)
  9 orc zombies (D:9)
  A quokka skeleton (D:5)
  2 quokka zombies (D:9)
  8 rats
  A fungus (Lair:2)
  2 plants
433 creatures vanquished.

Vanquished Creatures (others)
  A slave (D:4)
  A worker ant (D:4)
  A leopard gecko (D:4)
  4 fungi
  3 plants
10 creatures vanquished.

Grand Total: 443 creatures vanquished

Notes
Turn   | Place    | Note
-------+----------+-------------------------------------------
     0 | D:1      | Soyweiser the Gargoyle Earth Elementalist began the quest for the Orb.
     0 | D:1      | Reached XP level 1. HP: 10/10 MP: 3/3
    56 | D:2      | Reached XP level 2. HP: 15/15 MP: 0/5
    74 | D:1      | Learned a level 2 spell: Passwall
   734 | D:1      | Reached XP level 3. HP: 13/19 MP: 6/6
   739 | D:1      | Learned a level 3 spell: Stone Arrow
  1451 | D:1      | Reached skill level 1 in Conjurations
  1679 | D:2      | Reached XP level 4. HP: 24/24 MP: 1/7
  2086 | D:2      | Found a snail-covered altar of Cheibriados.
  2117 | D:2      | Reached skill level 1 in Transmutations
  2134 | D:3      | Reached skill level 1 in Fighting
  2352 | D:3      | Reached XP level 5. HP: 28/29 MP: 8/8
  2600 | D:4      | Reached skill level 5 in Earth Magic
  2766 | D:4      | Reached XP level 6. HP: 30/35 MP: 1/9
  2777 | D:4      | Learned a level 4 spell: Petrify
  3672 | D:4      | Reached skill level 1 in Armour
  3738 | D:4      | Noticed a phantom
  3752 | D:4      | Killed a phantom
  3752 | D:4      | Reached XP level 7. HP: 38/40 MP: 0/11
  3945 | D:4      | Noticed Robin
  4298 | D:4      | Killed Robin
  4502 | D:4      | Noticed Pikel
  4513 | D:5      | Entered Level 5 of the Dungeon
  4539 | D:4      | Noticed ThereIsNoGod's ghost (amateur GrBe)
  4773 | D:5      | Found a staircase to the Ecumenical Temple.
  4778 | Temple   | Entered the Ecumenical Temple
  5045 | D:5      | Reached XP level 8. HP: 45/45 MP: 12/12
  5181 | D:5      | Reached skill level 5 in Stealth
  6541 | D:6      | Reached skill level 1 in Short Blades
  6565 | D:5      | Reached XP level 9. HP: 28/50 MP: 0/15
  6769 | D:6      | Reached skill level 5 in Conjurations
  8476 | D:8      | Noticed a two-headed ogre
  9176 | D:4      | Killed Pikel
  9428 | D:4      | Killed ThereIsNoGod's ghost
  9428 | D:4      | Reached skill level 5 in Spellcasting
  9428 | D:4      | Reached XP level 10. HP: 21/58 MP: 0/17
  9662 | D:4      | Noticed Eustachio
  9670 | D:4      | Killed Eustachio
  9670 | D:4      | Reached skill level 5 in Armour
 10161 | Temple   | Learned a level 5 spell: Lee's Rapid Deconstruction
 10179 | Temple   | Became a worshipper of Sif Muna the Loreminder
 10472 | D:9      | Found a staircase to the Orcish Mines.
 10755 | D:8      | Reached skill level 5 in Fighting
 11125 | D:8      | Killed a two-headed ogre
 11125 | D:8      | Reached skill level 1 in Invocations
 11405 | D:8      | Noticed a two-headed ogre
 12252 | D:10     | Entered Level 10 of the Dungeon
 12283 | Orc:1    | Entered Level 1 of the Orcish Mines
 12871 | D:9      | Reached * piety under Sif Muna
 12978 | D:9      | Noticed Erolcha
 13028 | D:9      | Noticed a two-headed ogre
 13109 | D:10     | Reached XP level 11. HP: 61/64 MP: 13/19
 13279 | D:10     | Noticed DogShitOnMyToe's ghost (journeyman BaAr)
 13415 | D:10     | Found a staircase to the Lair.
 13418 | D:10     | Identified the Catalogue of the Aerial Arsonist
 13434 | Lair:1   | Entered Level 1 of the Lair of Beasts
 13596 | Lair:1   | Found a dark tunnel.
 13658 | Volcano  | Entered a volcano
 13677 | Volcano  | Noticed an ogre mage
 13678 | Volcano  | Noticed a two-headed ogre
 13678 | Volcano  | Noticed a two-headed ogre
 13684 | Volcano  | Killed an ogre mage
 13693 | Volcano  | Killed a two-headed ogre
 13698 | Volcano  | Killed a two-headed ogre
 13748 | Volcano  | Noticed ventricule's ghost (novice HuAE)
 14026 | Volcano  | Noticed a two-headed ogre
 14039 | Volcano  | Noticed a hell knight
 14039 | Volcano  | Noticed a two-headed ogre
 14050 | Volcano  | Noticed a two-headed ogre
 14056 | Volcano  | Killed a two-headed ogre
 14159 | Volcano  | Killed a two-headed ogre
 14164 | Volcano  | Killed a hell knight
 14164 | Volcano  | Reached skill level 10 in Earth Magic
 14477 | Lair:1   | Reached skill level 5 in Short Blades
 15023 | Lair:1   | Noticed an oklob plant
 15023 | Lair:1   | Noticed an oklob plant
 15147 | Lair:1   | Learned a level 3 spell: Conjure Flame
 15237 | Lair:1   | Reached XP level 12. HP: 71/71 MP: 7/22
 15271 | Lair:1   | Reached ** piety under Sif Muna
 15877 | Lair:1   | Reached skill level 1 in Fire Magic
 16478 | D:10     | Noticed a two-headed ogre
 16485 | D:10     | Killed a two-headed ogre
 16485 | D:10     | Reached skill level 5 in Invocations
 16997 | D:10     | Noticed Fannar
 17052 | D:10     | Killed Fannar
 17554 | D:11     | Noticed a two-headed ogre
 17562 | D:11     | Killed a two-headed ogre
 17909 | D:10     | Killed DogShitOnMyToe's ghost
 18458 | Lair:2   | Got a warped large shield
 18831 | Lair:2   | Found a hole to the Spider Nest.
 19173 | Lair:2   | Reached *** piety under Sif Muna
 19642 | Lair:3   | Reached XP level 13. HP: 78/78 MP: 18/24
 20175 | Lair:2   | Reached skill level 10 in Stealth
 21731 | Lair:3   | Found a staircase to the Shoals.
 24446 | Lair:4   | Slain by an eight-headed hydra

Skill      XL: |  1  2  3  4  5  6  7  8  9 10 11 12 13 |
---------------+----------------------------------------+-----
Earth Magic    | 4 5 6 8 9 10 | 10.4
Stealth        | 3 4 5 6 8 9 10 | 10.4
Conjurations   | 1 2 3 4 5 6 7 |  7.1
Transmutations | 1 2 3 4 |  4.4
Fighting       | 1 2 3 4 5 6 7 8 |  8.6
Armour         | 1 2 3 4 6 7 8 9 |  9.1
Spellcasting   | 3 4 5 6 7 8 |  8.1
Short Blades   | 1 2 4 5 6 |  6.7
Invocations    | 2 4 5 6 |  6.5
Fire Magic     | 3 4 |  4.6
Dodging        | |  1.5

Action                   |  1- 3 |  4- 6 |  7- 9 | 10-12 | 13-15 || total
-------------------------+-------+-------+-------+-------+-------++-------
Melee: Unarmed           |   121 |       |       |       |       ||   121
       Rapier            |    28 |   203 |   318 |   351 |   194 ||  1094
       Dagger            |       |       |    67 |   350 |       ||   417
       Trident           |       |       |       |    13 |       ||    13
       Flail             |       |       |       |     3 |       ||     3
Throw: Stone             |     2 |     3 |       |    12 |       ||    17
       Tomahawk          |       |     1 |     1 |     2 |       ||     4
       Javelin           |       |       |     5 |    21 |     2 ||    28
 Cast: Sandblast         |    15 |    23 |    51 |    85 |     4 ||   178
       Passwall          |     2 |       |       |       |       ||     2
       Stone Arrow       |     2 |    20 |    69 |   246 |   111 ||   448
       Conjure Flame     |       |       |       |     7 |       ||     7
       Lee's Rapid Decon |       |       |       |    17 |    12 ||    29
       Petrify           |       |       |       |     3 |       ||     3
Invok: Divine Energy     |       |       |       |     6 |     3 ||     9
       Stop Divine Energ |       |       |       |     6 |     3 ||     9
Evoke: Wand              |       |       |       |     2 |       ||     2
  Use: Scroll            |       |    14 |     7 |     9 |     3 ||    33
       Potion            |       |       |     2 |    11 |     2 ||    15
 Stab: Sleeping          |     7 |     7 |    13 |    14 |    10 ||    51
       Distracted        |       |       |       |     1 |       ||     1
       Petrifying        |       |       |       |     1 |       ||     1
       Petrified         |       |       |       |     1 |       ||     1
  Eat: Chunk             |     3 |    10 |    20 |    19 |     7 ||    59
       Fruit             |       |       |     5 |     1 |       ||     6
       Meat ration       |       |       |       |     3 |     1 ||     4
       Royal jelly       |       |       |       |     3 |       ||     3
       Bread ration      |       |       |       |     1 |     1 ||     2
Armor: Robe              |    51 |    46 |       |       |       ||    97
       Ring mail         |       |    50 |   256 |   200 |       ||   506
       Skin              |       |       |       |    12 |       ||    12
       Chain mail        |       |       |       |    18 |       ||    18
       Leather armour    |       |       |       |   257 |   160 ||   417
       Scale mail        |       |       |       |     2 |       ||     2
Dodge: Dodged            |   106 |   115 |   195 |   379 |   125 ||   920
Block: Other             |       |    10 |    39 |   103 |    27 ||   179
       Reflection        |       |       |       |     2 |       ||     2
